 Dungeon Crawl Stone Soup version 0.18-a0-867-gfd1cc8f (webtiles) character file.

3252 Raultor the Martial Artist (level 9, -1/79 HPs)
             Began as a Mottled Draconian Monk on Dec 21, 2015.
             Was a Priest of Ashenzari.
             Slain by a freezing wraith (16 damage)
             ... on level 8 of the Dungeon.
             The game lasted 00:21:08 (9020 turns).

Raultor the Martial Artist (Mottled Draconian Monk) Turns: 9020, Time: 00:21:08

Health: -1/79      AC:  9    Str: 15    XL:     9   Next: 67%
Magic:  9/9        EV: 22    Int: 15    God:    Ashenzari [***...]
Gold:   470        SH:  6    Dex: 21    Spells: 1 memorised, 5 levels left

rFire  . . .     SeeInvis +       - Unarmed
rCold  . . .     Gourm    .     (armour unavailable)
rNeg   . . .     Faith    .     s - +0 buckler (curse)
rPois  .         Spirit   .     G - +0 hat {MR+}
rElec  .         Dismiss  .     l - +0 cloak (curse)
rCorr  .         Reflect  .     (no gloves)
SustAt .         Harm     .     k - +0 pair of boots (curse)
MR     +....                    B - amulet of regeneration (curse) {+regen, !d}
Stlth  +++.......               (no ring)
                                (no ring)

@: brilliant, agile, slowed, very slow, somewhat resistant to hostile
enchantments, fairly stealthy
A: breathe sticky flame splash, unfitting armour, cold-blooded, AC +7
a: Breathe Sticky Flame, Scrying, Renounce Religion


You were on level 8 of the Dungeon.
You worshipped Ashenzari.
Ashenzari was most pleased with you.
You were hungry.

You visited 2 branches of the dungeon, and saw 9 of its levels.
You also visited: Ossuary.

You collected 470 gold pieces.

Inventory:

Missiles
 x - 2 curare-tipped needles
 z - 2 throwing nets (quivered) {=f, !d}
Armour
 k - a cursed +0 pair of boots (worn)
   (You found it on level 2 of the Dungeon)
 l - a cursed +0 cloak (worn)
   (You found it on level 2 of the Dungeon)
 s - a cursed +0 buckler (worn)
   (You found it on level 3 of the Dungeon)
 G - a +0 hat of magic resistance (worn)
   (You found it on level 6 of the Dungeon)
Jewellery
 w - an uncursed amulet of resist corrosion {rCorr, !d}
   (You found it on level 3 of the Dungeon)
 B - a cursed amulet of regeneration (around neck) {+regen, !d}
   (You found it on level 6 of the Dungeon)
Wands
 y - a wand of slowing (22/48)
   (You found it on level 4 of the Dungeon)
Scrolls
 c - 6 scrolls of identify
 f - a scroll of blinking {unknown}
 g - 2 scrolls of magic mapping {unknown}
 i - 2 scrolls of enchant weapon {unknown}
 j - 2 scrolls of teleportation {unknown}
 m - 2 scrolls of noise {unknown}
 t - 5 scrolls of amnesia {unknown}
 D - 2 scrolls of immolation {unknown}
 I - 2 scrolls of enchant armour {unknown}
 K - a scroll of fog {unknown}
Potions
 d - 3 potions of curing {unknown}
 e - 4 potions of brilliance
 o - 2 potions of degeneration {unknown}
 p - 3 potions of lignification {unknown}
 q - 5 potions of poison {unknown}
 r - 2 potions of resistance {unknown}
 v - 3 potions of heal wounds {unknown}
 A - a potion of magic
 C - a potion of mutation {!q}
 J - a potion of flight {unknown}
Books
 F - a book of Clouds
   (You found it on level 6 of the Dungeon)
Comestibles
 a - 4 bread rations {@e1}
 b - 3 beef jerkies
 h - a slice of pizza
 n - 6 meat rations {@e2}
 u - 7 fruits
 H - 2 chunks of flesh {@w0}


   Skills:
 + Level 7.5 Fighting
 + Level 6.3 Dodging
 - Level 1.7 Stealth
 - Level 4.7(6.5) Shields
 * Level 9.6 Unarmed Combat
 + Level 3.1 Fire Magic


You had 5 spell levels left.
You knew the following spells:

 Your Spells              Type           Power        Failure   Level  Hunger
c - Conjure Flame         Conj/Fire      ##......     5%          3    ####...


Dungeon Overview and Level Annotations

Branches:
Dungeon (8/15)             Temple (1/1) D:5            Lair (0/8) D:8

Altars:
Ashenzari
Cheibriados
Dithmenos
Elyvilon
Fedhas
Gozag
Makhleb
Nemelex Xobeh
Pakellas
Qazlal
Ru
Sif Muna
Trog
Vehumet
Xom
Yredelemnul
Zin
The Shining One


Innate Abilities, Weirdness & Mutations

You can spit globs of burning liquid.
You can ignite nearby creatures when you spit burning liquid.
Your weird mottled scales are hard (AC +7).
Your body does not fit into most forms of armour.
You are cold-blooded and may be slowed by cold attacks.


Message History

You closely miss the hungry ghost. The adder closely misses you.
You block the hungry ghost's attack. The adder bites you but does no damage.
You miss the hungry ghost. The hungry ghost completely misses you.
The adder closely misses you.
You closely miss the hungry ghost. The adder misses you.
You miss the hungry ghost. The hungry ghost misses you.
You block the adder's attack.
You closely miss the hungry ghost. You block the hungry ghost's attack.
The adder misses you.
You closely miss the hungry ghost. The hungry ghost completely misses you.
The adder bites you but does no damage.
You hit the hungry ghost. You block the adder's attack.
The hungry ghost closely misses you.
You closely miss the hungry ghost. The adder bites you.
The hungry ghost completely misses you.
You take 2 damage, and have 77/79 hp.
You barely miss the hungry ghost. You tail-slap the hungry ghost.
The adder bites you but does no damage.
You punch the hungry ghost!
You destroy the hungry ghost!
Your Fire Magic skill increases to level 3!
The adder completely misses you.
You hit the adder. The adder completely misses you.
You barely miss the adder. The adder bites you but does no damage.
Health restored: 79 You barely miss the adder.
The adder bites you.
You take 1 damage, and have 78/79 hp.
You barely miss the adder. The adder misses you.
Health restored: 79 You hit the adder.
You kill the adder!
No target in view!
You see here an adder corpse.
You butcher the adder corpse.
H - 2 chunks of flesh {@w0} You see here an adder skeleton.
A freezing wraith comes into view.
A freezing wraith is nearby!
You punch the freezing wraith!
You tail-slap the freezing wraith, but do no damage.
The freezing wraith hits you but does no damage.
The freezing wraith completely misses you.
A phantom comes into view.
You closely miss the freezing wraith.
You tail-slap the freezing wraith, but do no damage.
The freezing wraith hits you! The freezing wraith freezes you!
You feel yourself slow down. The freezing wraith barely misses you.
You take 18 damage, and have 61/79 hp.
MASSIVE DAMAGE!!
You feel yourself speed up. The freezing wraith misses you.
The freezing wraith hits you. The freezing wraith drains your vigour!
You feel yourself slow down.
You take 4 damage, and have 58/79 hp.
The phantom blinks!
Aim: a freezing wraith (moderately damaged)
You spit a glob of burning liquid.
The splash of liquid fire hits the freezing wraith.
The freezing wraith appears unharmed.
You feel somewhat more hungry. You block the freezing wraith's attack.
The freezing wraith misses you. The freezing wraith closely misses you.
The freezing wraith hits you but does no damage.
Drink which item? (? for menu, Esc to quit)
You feel agile all of a sudden. The freezing wraith hits you.
The freezing wraith freezes you!
You feel as though you will be slow longer.
The freezing wraith barely misses you.
You take 16 damage, and have 44/79 hp.
MASSIVE DAMAGE!!
You completely miss the freezing wraith.
Your tail-slap misses the freezing wraith.
The freezing wraith barely misses you. The freezing wraith closely misses you.
The freezing wraith closely misses you. The freezing wraith misses you.
You are feeling hungry.
You punch the freezing wraith! The freezing wraith barely misses you.
The freezing wraith misses you.
You hit the freezing wraith. The freezing wraith misses you.
The freezing wraith hits you.
You take 2 damage, and have 43/79 hp.
You barely miss the freezing wraith. The freezing wraith hits you!
The freezing wraith freezes you!!
* * * LOW HITPOINT WARNING * * *
You block the freezing wraith's attack.
You take 26 damage, and have 17/79 hp.
MASSIVE DAMAGE!!
Drink which item? (? for menu, Esc to quit)
Okay, then.
Read which item? (? for menu, Esc to quit)
Okay, then.
Aim: a freezing wraith (heavily damaged)
Okay, then.
Drink which item? (? for menu, Esc to quit)
You feel clever all of a sudden.
You have got your breath back.
The freezing wraith hits you.
* * * LOW HITPOINT WARNING * * *
The freezing wraith freezes you!
You feel as though you will be slow longer.
You die...

#....##.#..# ### * *
#....#.#.### #.. *
#.....##.##...# ,,
#.#...#.##.#.. ,**.,
, #.#...#..#..#.#
###.#, , *
#.#...#..#...# #...##
#.##...##.#.###..#..#
* , #(.. #.##@#.#...#
, * #....*##.##WW.#?#
, * , * *
#....*#...#.#.?#, * *
,...... ##.##...#[#,
, * ....
*#.##.#.#...# , ,
#.#.###..#..# * , , ,
#..#รท..#*#...## , ,
,,#..#..#.#,###.#, ,


You could see a freezing wraith and a phantom.

Vanquished Creatures
  Prince Ribbit (D:6)
  3 yaks (D:7)
  A hungry ghost (D:8)
  2 orc warriors (D:6)
  A black bear (D:7)
  3 ogres
  3 centaurs
  2 giant frogs
  A gnoll sergeant (D:6)
  4 water moccasin zombies (Ossuary)
  A wyvern zombie (D:5)
  2 scorpions
  A crimson imp (D:5)
  8 orc priests
  6 hounds
  3 orc wizards
  A centaur skeleton (D:6)
  A jelly (D:7)
  5 worker ants
  Ijyb (D:3)
  2 iguanas
  A big kobold zombie (Ossuary)
  2 hound zombies
  2 mummies (Ossuary)
  4 gnolls (D:6)
  13 adders
  3 shadow imps
  3 oozes
  8 adder zombies
  4 adder skeletons
  3 worms
  35 orcs
  5 giant cockroaches
  5 hobgoblins
  8 jackals
  6 kobolds
  A ball python skeleton (D:4)
  6 bats
  A giant cockroach zombie (D:3)
  3 giant geckos
  A giant gecko skeleton (D:5)
  8 giant newts
  4 gnoll zombies (Ossuary)
  7 goblins
  2 hobgoblin zombies (Ossuary)
  2 kobold zombies (Ossuary)
  4 orc zombies (Ossuary)
  4 quokkas
  5 rats
202 creatures vanquished.

Notes
Turn   | Place    | Note
--------------------------------------------------------------
     0 | D:1      | Raultor the Draconian Monk began the quest for the Orb.
     0 | D:1      | Reached XP level 1. HP: 19/19 MP: 1/1
   288 | D:1      | Reached XP level 2. HP: 26/26 MP: 2/2
   813 | D:2      | Reached XP level 3. HP: 26/33 MP: 3/3
   921 | D:2      | Reached skill level 3 in Dodging
  1550 | D:2      | Reached XP level 4. HP: 35/40 MP: 4/4
  1811 | D:3      | Reached skill level 5 in Unarmed Combat
  1846 | D:3      | Reached skill level 4 in Fighting
  2414 | D:3      | Noticed Ijyb
  2431 | D:3      | Killed Ijyb
  2431 | D:3      | Reached XP level 5. HP: 40/46 MP: 5/5
  3114 | D:4      | Found a sparkling altar of Nemelex Xobeh.
  3193 | D:4      | Reached skill level 1 in Shields
  3582 | D:4      | Reached XP level 6. HP: 43/53 MP: 6/6
  4149 | D:4      | Reached skill level 4 in Dodging
  4258 | D:5      | Entered Level 5 of the Dungeon
  4280 | D:5      | Reached skill level 6 in Unarmed Combat
  4360 | D:5      | Reached skill level 2 in Shields
  4503 | D:5      | Found a staircase to the Ecumenical Temple.
  4558 | Temple   | Entered the Ecumenical Temple
  4649 | Temple   | Became a worshipper of Ashenzari the Shackled
  4649 | Temple   | Reached * piety under Ashenzari
  4649 | Temple   | Reached ** piety under Ashenzari
  4741 | D:5      | Your scales start taking on a weird mottled colour.
  4741 | D:5      | Reached XP level 7. HP: 19/60 MP: 7/7
  4975 | D:5      | Reached skill level 5 in Fighting
  5321 | D:5      | Found a shimmering altar of Xom.
  5900 | D:6      | Reached skill level 7 in Unarmed Combat
  5947 | D:6      | Reached skill level 3 in Shields
  6043 | D:6      | Found a sand-covered staircase.
  6057 | Ossuary  | Entered an ossuary
  6136 | Ossuary  | Reached XP level 8. HP: 58/70 MP: 8/8
  6335 | D:6      | Reached skill level 6 in Fighting
  6471 | D:6      | Reached skill level 5 in Dodging
  6578 | D:6      | Reached skill level 4 in Shields
  6740 | D:6      | Reached skill level 8 in Unarmed Combat
  6809 | D:6      | Noticed Prince Ribbit
  6836 | D:6      | Killed Prince Ribbit
  7159 | D:6      | Learned a level 3 spell: Conjure Flame
  7249 | D:6      | Reached XP level 9. HP: 68/78 MP: 9/9
  7791 | D:7      | Found a shadowy altar of Dithmenos.
  7841 | D:7      | Reached skill level 1 in Fire Magic
  7849 | D:7      | Reached skill level 7 in Fighting
  8172 | D:7      | Reached skill level 9 in Unarmed Combat
  8185 | D:7      | Reached skill level 6 in Dodging
  8185 | D:7      | Reached skill level 2 in Fire Magic
  8203 | D:7      | Reached *** piety under Ashenzari
  8894 | D:8      | Found a staircase to the Lair.
  8996 | D:8      | Reached skill level 3 in Fire Magic
  9019 | D:8      | HP: 17/79 [freezing wraith (18)]
  9020 | D:8      | Slain by a freezing wraith

Vault maps used:
D:1:      shiori_arrival_oz
D:3:      first_bread, uniq_iyjb
D:4:      nemelex_deck
D:5:      minmay_temple_entry_butterflies, tgw_xom
D:6:      enter_ossuary_1, grunt_decor_resistance, uniq_prince_ribbit1
D:7:      grunt_dithmenos_smoke_and_mirrors
D:8:      minmay_ornate_pinched, hangedman_pestilent_swarm, uniq_grum
Temple:   grunt_circular_temple_18
Ossuary:  ossuary_tomb_2

Action                   |  1- 3 |  4- 6 |  7- 9 || total
-------------------------+-------+-------+-------++-------
Melee: Unarmed           |   108 |   272 |   443 ||   823
 Abil: Breathe Sticky Fl |       |       |    16 ||    16
  Use: Scroll            |       |       |     7 ||     7
       Potion            |       |       |     2 ||     2
 Stab: Sleeping          |     3 |     6 |     1 ||    10
  Eat: Chunk             |     2 |     8 |    14 ||    24
       Meat ration       |       |     1 |       ||     1

Vault maps used:
D:1:      shiori_arrival_oz
D:3:      first_bread, uniq_iyjb
D:4:      nemelex_deck
D:5:      minmay_temple_entry_butterflies, tgw_xom
D:6:      enter_ossuary_1, grunt_decor_resistance, uniq_prince_ribbit1
D:7:      grunt_dithmenos_smoke_and_mirrors
D:8:      minmay_ornate_pinched, hangedman_pestilent_swarm, uniq_grum
Temple:   grunt_circular_temple_18
Ossuary:  ossuary_tomb_2

Table legend:
 A = Turns spent in this place as a percentage of turns spent in the entire game.
 B = Non-inter-level travel turns spent in this place as a percentage of non-inter-level travel turns spent in the entire game.
 C = Inter-level travel turns spent in this place as a percentage of turns spent in this place.
 D = Turns resting spent in this place as a percentage of non-inter-level travel turns spent in this place.
 E = Turns spent auto-exploring this place as a percentage of non-inter-level travel turns spent in this place.
 F = Non-inter-level travel turns spent in this place divided by the number of levels of this place that you've seen.
                   A       B       C       D       E      F
               +-------+-------+-------+-------+-------+----------------------
         Total | 100.0 | 100.0 |   0.6 |   1.8 |  13.1 | 204.5
       Dungeon |  87.2 |  87.2 |   0.6 |   2.1 |  12.1 | 222.9
        Temple |   1.7 |   1.7 |   2.9 |   0.0 |  47.1 |  34.0
       Ossuary |  11.1 |  11.1 |   0.0 |   0.0 |  16.2 | 228.0
               +-------+-------+-------+-------+-------+----------------------

Table legend:
 A = Kills in this place as a percentage of kills in entire the game.
 B = Kills by you in this place as a percentage of kills by you in the entire game.
 C = Kills by friends in this place as a percentage of kills by friends in the entire game.
 D = Other kills in this place as a percentage of other kills in the entire game.
 E = Experience gained in this place as a percentage of experience gained in the entire game.
 F = Experience gained in this place divided by the number of levels of this place that you have seen.
                   A       B       C       D       E      F
               +-------+-------+-------+-------+-------+----------------------
         Total | 100.0 | 100.0 |  -nan |  -nan | 100.0 | 464.7
       Dungeon |  88.1 |  88.1 |  -nan |  -nan |  91.2 | 529.5
       Ossuary |  11.9 |  11.9 |  -nan |  -nan |   8.8 | 411.0
               +-------+-------+-------+-------+-------+----------------------
